 Dungeon Crawl Stone Soup version 0.32-a0-913-g739538afd8 (webtiles) character file.

Game seed: 4642153169995382103

74 porpoise the Poker (level 4, -1/52 HPs)
             Began as a Demonspawn Gladiator on Apr 10, 2024.
             Slain by an orc priest
             ... wielding a +0 flail
              (4 damage)
             ... on level 3 of the Dungeon.
             The game lasted 00:04:08 (1476 turns).

porpoise the Poker (Demonspawn Gladiator)           Turns: 1476, Time: 00:04:08

Health: -1/52      AC: 12    Str: 17    XL:     4   Next: 10%
Magic:  4/4        EV:  6    Int:  8    God:
Gold:   126        SH:  0    Dex: 14    Spells: 3/3 levels left

rFire   . . .        a - +0 trident
rCold   . . .        (no shield)
rNeg    . . .        f - +0 storm dragon scales
rPois   .            c - +0 helmet
rElec   +            p - +0 cloak
rCorr   .            (no gloves)
SInv    .            (no boots)
Will    .....        (no amulet) Stlth
                     (no ring)
HPRegen 0.28/turn    (no ring)
MPRegen 0.09/turn

%: no passive effects
@: berserking, very quick
A: hooves 1, powered by death 1
a: Convert to Beogh


You were on level 3 of the Dungeon.
You visited 1 branch of the dungeon, and saw 3 of its levels.

You collected 126 gold pieces.

Inventory:

Hand Weapons
 a - a +0 trident (weapon)
Missiles
 d - 3 throwing nets (quivered)
 e - a javelin
 g - 6 poisoned darts
Armour
 b - a +0 leather armour
 c - a +0 helmet (worn)
 f - +0 storm dragon scales (worn)
 p - a +0 cloak (worn)
 r - an orb of wrath
Scrolls
 h - a scroll of blinking {unknown}
 i - a scroll of amnesia {unknown}
 m - a scroll of noise {unknown}
 q - 3 scrolls of identify {unknown}
 s - a scroll of teleportation {unknown}
 t - a scroll of revelation {unknown}
Potions
 k - a potion of invisibility {unknown}
 l - a potion of magic {unknown}
 n - a potion of brilliance {unknown}
 o - a potion of haste {unknown}


   Skills:
 + Level 3.0 Fighting
 * Level 4.0 Polearms
 - Level 1.7 Throwing
 - Level 2.6 Dodging


You had 3 spell levels left.
You didn't know any spells.
Your spell library contained the following spells:

 Spells                   Type           Power      Damage    Failure   Level
 Conjure Ball Lightning   Conj/Air       0%         3x3d6     100%        6
 Discord                  Hex            0%         N/A       100%        8
 Disjunction              Tloc           0%         N/A       100%        8


Dungeon Overview and Level Annotations

Branches:
Dungeon (3/15)

Altars:


Innate Abilities, Weirdness & Mutations

You have large cloven feet.
You regenerate a little health from kills.


Message History

The orc attacks as it pursues you! The orc barely misses you.
You hit the orc. Your kick misses the orc.
The orc is severely wounded.
The orc hits you but does no damage.
You closely miss the orc.
The orc is severely wounded.
The orc hits you with a +0 whip.
You are too injured to fight recklessly!
You are too injured to fight recklessly!
You are too injured to fight recklessly!
You closely miss the orc. Your kick misses the orc.
The orc is severely wounded.
The orc hits you but does no damage. The orc hits you with a +0 whip.
You hit the orc.
You kill the orc!
The orc hits you but does no damage.
You puncture the orc priest!
The orc priest is heavily wounded.
The orc priest shouts, "Beogh offers mercy even to people such as you.
Join us and be reborn!"
The orc priest hits you but does no damage.
The orc hits you but does no damage.
An orc comes into view. It is wielding a +0 short sword.
You hit the orc priest. You kick the orc priest.
The orc priest is severely wounded.
The orc priest invokes the aid of Beogh against you.
Beogh smites you!
* * * LOW HITPOINT WARNING * * *
The orc hits you with a +0 short sword.
* * * LOW HITPOINT WARNING * * *
It was a potion of berserk rage.
A red film seems to cover your vision as you go berserk!
You feel yourself moving faster!
You feel mighty! The orc priest barely misses you.
The orc hits you but does no damage.
You are too berserk!
Unknown command.
Unknown command.
You closely miss the orc priest.
The orc priest is severely wounded.
The orc priest hits you with a +0 flail.
You die...

#........# #.#
#.# #<# #.# #.#
#.# #.#
#@###.###
#oo......
#.o....o....###
#############


You could see an orc priest and 2 orcs.

Vanquished Creatures
  3 adders (D:2)
  A gnoll (D:1)
  A dart slug (D:1)
  An orc (D:3)
  4 endoplasms
  2 giant cockroaches
  3 hobgoblins
  3 jackals (D:1)
  3 kobolds
  3 quokkas (D:1)
  2 ball pythons (D:1)
  4 bats
  A frilled lizard (D:2)
  2 rats (D:1)
33 creatures vanquished.

Notes
Turn   | Place    | Note
-------+----------+-------------------------------------------
     0 | D:1      | porpoise the Demonspawn Gladiator began the quest for the
                  | Orb.
     0 | D:1      | Reached XP level 1. HP: 16/16 MP: 1/1
   146 | D:1      | Reached skill level 3 in Polearms
   146 | D:1      | Gained mutation: You have large cloven feet. [demonic
                  | ancestry]
   146 | D:1      | Reached XP level 2. HP: 14/22 MP: 2/2
   387 | D:1      | Gained mutation: You regenerate a little health from kills.
                  | [demonic ancestry]
   387 | D:1      | Reached XP level 3. HP: 21/28 MP: 3/3
  1059 | D:2      | Reached XP level 4. HP: 35/35 MP: 4/4
  1107 | D:2      | Reached skill level 4 in Polearms
  1474 | D:3      | HP: 1/35 [orc/+0 short sword (2)]
  1476 | D:3      | Slain by an orc priest

Illustrated notes

Levels and vault maps discovered:
D:1:      tarquinn_simple_flora_water_b, layout_basic
D:2:      layout_loops_ring, item_on_display_a
D:3:      layout_loops_ring

Skill      XL: |  1  2  3  4 |
---------------+-------------+-----
Polearms       | 3 4 |  4.0
Fighting       | 3 |  3.0
Throwing       | |  1.7
Dodging        | |  2.6

Action                     |  1- 3 |  4- 6 || total
---------------------------+-------+-------++-------
  Melee: Trident           |   103 |    13 ||   116
         Kick              |    15 |     2 ||    17
    Use: Potion            |       |     1 ||     1
 Armour: Storm dragon scal |    92 |    10 ||   102
         Leather armour    |     3 |       ||     3
  Dodge: Dodged            |    38 |     3 ||    41

Table legend: (Time is in decaauts)
 A = Elapsed time spent in this place.
 B = Non-inter-level travel time spent in this place.
 C = Inter-level travel time spent in this place.
 D = Time resting spent in this place.
 E = Time spent auto-exploring this place.
 F = Levels seen in this place.
 G = Mean time per level.
                   A        B        C        D        E       F      G
               +--------+--------+--------+--------+--------+-----+--------+
         Total |   1490 |   1402 |     88 |     82 |   1058 |   3 |  496.7 |
       Dungeon |   1490 |   1402 |     88 |     82 |   1058 |   3 |  496.7 |
               +--------+--------+--------+--------+--------+-----+--------+

Top non-repeatable levels by time:
     D:2: 763 daAuts
     D:1: 703 daAuts
     D:3: 22 daAuts
